 Dungeon Crawl Stone Soup version 0.31-a0-117-g42d8f58691 (webtiles) character file.

Game seed: 5415619999430101830

120 loir the Poker (level 5, -2/42 HPs)
             Began as a Merfolk Gladiator on May 30, 2023.
             Succumbed to an adder's poison
             ... on level 4 of the Dungeon.
             The game lasted 00:06:38 (1120 turns).

loir the Poker (Merfolk Gladiator)                  Turns: 1120, Time: 00:06:39

Health: -2/42      AC:  5    Str: 16    XL:     5   Next: 4%
Magic:  5/5        EV: 13    Int:  8    God:
Gold:   91         SH:  0    Dex: 15    Spells: 4/4 levels left

rFire   . . .        a - +0 trident (heavy)
rCold   . . .        (no shield)
rNeg    . . .        b - +0 leather armour
rPois   .            c - +1 helmet
rElec   .            (no cloak)
rCorr   .            (no gloves)
SInv    .            (no boots)
Will    .....        (no amulet)
Stlth   +            (no ring)
HPRegen 0.27/turn    (no ring)
MPRegen 0.09/turn

%: no passive effects
@: lethally poisoned (-2 -> -12), studying Shields
A: (nimble swimmer 2), mertail
a: no special abilities


You were on level 4 of the Dungeon.
You visited 1 branch of the dungeon, and saw 4 of its levels.

You collected 91 gold pieces.

Inventory:

Hand Weapons
 a - a +0 heavy trident (weapon)
Missiles
 d - 3 throwing nets (quivered)
 e - a javelin
 f - 9 poisoned darts
Armour
 b - a +0 leather armour (worn)
 c - a +1 helmet (worn)
Scrolls
 g - 4 scrolls of enchant armour
 h - a scroll of fear
 j - a scroll of identify
 l - a scroll of teleportation
Potions
 i - a potion of might {unknown}
 k - a potion of attraction {unknown}
 m - a potion of degeneration {unknown}
 o - 3 potions of heal wounds
 p - a potion of enlightenment {unknown}
 q - a potion of ambrosia {unknown}
 t - a potion of invisibility {unknown}
 v - a potion of brilliance {unknown}


   Skills:
 * Level 3.8 Fighting
 + Level 4.7 Polearms
 + Level 2.7 Throwing
 + Level 4.7 Dodging
 + Level 1.4 Shields


You had 4 spell levels left.
You didn't know any spells.
Your spell library was empty.

Dungeon Overview and Level Annotations

Branches:
Dungeon (4/15)
 Temple: D:4-7

Altars:
Hepliaklqana

Annotations:
D:4 Edmund, Natasha


Innate Abilities, Weirdness & Mutations

((You are very nimble when in or above water. (Stealth+, EV+, Speed+++)))
Your lower body shifts to a powerful aquatic tail in water.


Message History

The gnoll shouts!
You hear a shout!
A gnoll comes into view. It is wielding a +0 whip.
The gnoll barely misses you.
The cerulean imp hits you from afar with a +2 spear.
The gnoll closely misses you. The kobold closely misses you.
A gnoll comes into view. It is wielding a +0 halberd.
The adder attacks as you move away! The adder completely misses you.
The kobold attacks as you move away! The kobold hits you but does no damage.
A goblin comes into view. It is wielding a +0 dagger.
There is an open door here.
The gnoll attacks as you move away! The gnoll hits you with a +0 flail.
The adder closely misses you.
You are too injured to fight recklessly!
You are too injured to fight recklessly!
You are too injured to fight recklessly!
You barely miss the adder.
Natasha mumbles some strange words.
You feel disoriented. The adder bites you but does no damage.
Natasha casts a spell.
The adder bites you.
You are poisoned.
The adder poisons you!
Edmund says, "You wouldn't believe how much I paid for this flail."
You closely miss the adder.
You feel very sick. The adder bites you but does no damage.
The adder bites you.
* * * LOW HITPOINT WARNING * * *
You are more poisoned.
The adder poisons you!
You closely miss the adder.
* * * LOW HITPOINT WARNING * * *
You feel very sick. The adder bites you.
* * * LOW HITPOINT WARNING * * *
You are lethally poisoned!
The adder poisons you! The adder bites you.
* * * LOW HITPOINT WARNING * * *
You hit the adder but do no damage.
You die...

*,**,,,,,,###..##########..
*,,,,,,,,,+..>.............
****,,,,,,####.############
******#####.# #.....#
********** #.#####
*,,,,,,,,, #.#
****,,,,,,,,, #.#
*,,,,,,,***** #@#
*,,,.,,,+,,,,
###S####....,,,*****
#.hgK....g#,<,,,,,,,
#.5@5g....#,,,******
#.....P..g#,,,******
#.........g.,,,,,,,,
###..P...Pg#**,*****
*#..P.#.§§.,,,,,,,,
*......§§.§***,***,


You could see Edmund, Natasha, 2 gnolls, 2 cerulean imps, an adder and a kobold.

Vanquished Creatures
  A scorpion (D:4)
  2 adders
  A worm (D:2)
  3 orcs (D:4)
  2 ball pythons
  11 endoplasms
  A giant cockroach (D:4)
  A goblin (D:2)
  4 hobgoblins
  A kobold (D:2)
  4 quokkas
  3 bats
  3 frilled lizards
  2 rats
39 creatures vanquished.

Notes
Turn   | Place    | Note
-------+----------+-------------------------------------------
     0 | D:1      | loir the Merfolk Gladiator began the quest for the Orb.
     0 | D:1      | Reached XP level 1. HP: 16/16 MP: 1/1
   307 | D:1      | Reached XP level 2. HP: 22/23 MP: 2/2
   551 | D:2      | Reached XP level 3. HP: 28/28 MP: 3/3
   708 | D:2      | Identified a scroll of acquirement
   708 | D:2      | Acquired a manual of Shields
   995 | D:3      | You fall into a shaft and drop 1 floor!
  1063 | D:4      | Noticed a scorpion
  1073 | D:4      | Killed a scorpion
  1074 | D:4      | Reached skill level 1 in Shields
  1074 | D:4      | Reached XP level 4. HP: 25/36 MP: 4/4
  1101 | D:4      | Reached XP level 5. HP: 22/42 MP: 5/5
  1112 | D:4      | Noticed Natasha
  1113 | D:4      | Found a hazy altar of Hepliaklqana.
  1113 | D:4      | Noticed Edmund
  1119 | D:4      | HP: 2/42 [adder (4)]
  1120 | D:4      | Succumbed to an adder's poison

Illustrated notes

Levels and vault maps discovered:
D:1:      lightli_arrival_chessboard, layout_basic, serial_curves,
          eino_curves_02, eino_curves_03
D:2:      layout_rooms
D:3:      layout_rooms, kennysheep_cluttered_room, uniq_jessica, uniq_grinder
D:4:      layout_basic, nicolae_hepliaklqana_hazy_memory, gup_sewer_entry_glass,
          uniq_edmund, uniq_natasha

Skill      XL: |  1  2  3 |
---------------+----------+-----
Fighting       | 3 |  3.8
Shields        | 1 |  1.4
Polearms       | |  4.7
Throwing       | |  2.7
Dodging        | |  4.7

Action                     |  1- 3 |  4- 6 || total
---------------------------+-------+-------++-------
  Melee: Trident           |   112 |    19 ||   131
    Use: Scroll            |     3 |     6 ||     9
 Armour: Leather armour    |    29 |     7 ||    36
  Dodge: Dodged            |    63 |    13 ||    76

Table legend: (Time is in decaauts)
 A = Elapsed time spent in this place.
 B = Non-inter-level travel time spent in this place.
 C = Inter-level travel time spent in this place.
 D = Time resting spent in this place.
 E = Time spent auto-exploring this place.
 F = Levels seen in this place.
 G = Mean time per level.
                   A        B        C        D        E       F      G
               +--------+--------+--------+--------+--------+-----+--------+
         Total |   1135 |   1080 |     55 |      0 |    802 |   4 |  283.8 |
       Dungeon |   1135 |   1080 |     55 |      0 |    802 |   4 |  283.8 |
               +--------+--------+--------+--------+--------+-----+--------+

Top non-repeatable levels by time:
     D:1: 517 daAuts
     D:2: 382 daAuts
     D:4: 132 daAuts
     D:3: 103 daAuts
